 Dungeon Crawl Stone Soup version 0.22-a0-605-g9281fa2 (webtiles) character file.

3153 TheOrbIsALie the Destroyer (level 9, -9/57 HPs)
             Began as a Demonspawn Wizard on July 7, 2018.
             Was a Priest of Sif Muna.
             Mangled by a two-headed ogre
             ... wielding a +0 giant club
              (32 damage)
             ... on level 8 of the Dungeon.
             The game lasted 00:19:22 (7854 turns).

TheOrbIsALie the Destroyer (Demonspawn Wizard)      Turns: 7854, Time: 00:19:22

Health: -9/57      AC: 10    Str:  8    XL:     9   Next: 62%
Magic:  8/13       EV: 12    Int: 22    God:    Sif Muna [***...]
Gold:   376        SH:  0    Dex: 12    Spells: 7/14 levels left

rFire    . . .     SeeInvis .   u - +3 flail (protect)
rCold    . . .     Gourm    .   (no shield)
rNeg     . . .     Faith    .   a - +0 robe
rPois    +         Spirit   .   E - +2 helmet
rElec    .         Reflect  .   w - +0 cloak
rCorr    +         Harm     .   q - +0 pair of gloves
MR       .....                  (no boots)
Stlth    +++.......             (no amulet)
HPRegen  0.19/turn              x - ring of resist corrosion
MPRegen  0.13/turn              F - ring of poison resistance

@: drained
A: talons 1, slimy green scales 2, nightstalker 1, spiny 1
a: Divine Energy, Channel Magic, Renounce Religion


You were on level 8 of the Dungeon.
You worshipped Sif Muna.
Sif Muna was most pleased with you.
You were hungry.

You visited 2 branches of the dungeon, and saw 9 of its levels.
You also visited: Sewer.

You collected 376 gold pieces.

Inventory:

Hand Weapons
 e - a +1 dagger of venom
 u - a +3 flail of protection (weapon)
 v - a +3 quarterstaff of chaos
 C - a +3 whip of electrocution
Armour
 a - a +0 robe (worn)
 b - a +0 hat
 h - a scarf of resistance
 q - a +0 pair of gloves (worn)
 w - a +0 cloak (worn)
 E - a +2 helmet (worn)
Jewellery
 s - an uncursed ring of fire
 x - a ring of resist corrosion (left hand)
 F - a ring of poison resistance (right hand)
Wands
 t - a wand of flame (19)
 G - a wand of acid (11)
 L - a wand of digging (14)
Scrolls
 j - 9 scrolls of identify {unknown}
 k - 7 scrolls of remove curse {unknown}
 l - a scroll of random uselessness {unknown}
 o - 3 scrolls of fog {unknown}
 p - 2 scrolls of amnesia {unknown}
 r - 3 scrolls of teleportation {unknown}
 y - a scroll of noise {unknown}
 z - a scroll of blinking {unknown}
 A - 2 scrolls of immolation {unknown}
 I - 3 scrolls of enchant weapon {unknown}
Potions
 c - a potion of brilliance {unknown}
 f - a potion of agility {unknown}
 g - a potion of berserk rage {unknown}
 i - a potion of invisibility {unknown}
 m - 2 potions of degeneration {unknown}
 n - 2 potions of curing
 B - a potion of flight {unknown}
 D - a potion of lignification {unknown}
 H - a potion of resistance
 J - a potion of mutation {unknown}
 K - a potion of haste {unknown}
Comestibles
 d - 21 rations


   Skills:
 - Level 1.7(1.4) Dodging
 - Level 1.7(1.4) Stealth
 - Level 3.0(2.6) Spellcasting
 - Level 11.1(10.7) Conjurations
   Level 1.0(0.6) Summonings
   Level 0.8(0.5) Translocations
 + Level 6.8(6.4) Fire Magic


You had 7 spell levels left.
You knew the following spells:

 Your Spells              Type           Power        Failure   Level  Hunger
a - Magic Dart            Conj           ####         1%          1    None
b - Conjure Flame         Conj/Fire      #####...     1%          3    ###....
c - Mephitic Cloud        Conj/Pois/Air  ###.....     9%          3    ###....

Your spell library contained the following spells:

 Spells                   Type           Power        Failure   Level  Hunger
 Slow                     Hex            #.......     21%         2    ##.....
 Blink                    Tloc           N/A          16%         2    ##.....
 Call Imp                 Summ           #.......     14%         2    ##.....
 Spider Form              Tmut/Pois      #.........   36%         3    ###....
 Blade Hands              Tmut           #.........   98%         5    ######.
 Ice Form                 Ice/Tmut       #.......     78%         4    ####...
 Sticks to Snakes         Tmut           #.......     21%         2    ##.....
 Beastly Appendage        Tmut           #.....       13%         1    None


Dungeon Overview and Level Annotations

Branches:
Dungeon (8/15)             Temple (1/1) D:5
   Lair: D:8-11

Altars:
Ashenzari
Cheibriados
Dithmenos
Gozag
Makhleb
Nemelex Xobeh
Okawaru
Qazlal
Sif Muna
Uskayaw
Wu Jian
Xom
Yredelemnul

Shops:
D:5 (

Annotations:
D:8 1 runed door, dforspid's ghost, novice DrVM


Innate Abilities, Weirdness & Mutations

You have sharp toenails.
You are mostly covered in slimy green scales. (AC +3)
You are slightly more attuned to the shadows.
You are partially covered in sharp spines.


Message History

The steam dragon bites you!
The steam dragon claws you but does no damage.
The steam dragon is engulfed in blazing flames.
The steam dragon closely misses you.
The steam dragon claws you but does no damage.
You hit the steam dragon but do no damage.
Your weapon exudes an aura of protection.
The steam dragon is almost dead.
You barely miss the two-headed ogre. You claw the two-headed ogre.
The two-headed ogre is lightly wounded.
The two-headed ogre is engulfed in blazing flames.
The two-headed ogre hits you with a giant club!
The two-headed ogre hits you with a giant club!!
* * * LOW HITPOINT WARNING * * *
Unknown command.
It was a potion of curing.
You feel better.
The two-headed ogre is engulfed in blazing flames.
The two-headed ogre hits you with a giant club!!
Ouch! That really hurt!
You die...

.............
................#
................#
................#
#..............#
#.............#.
.<.#..##.........
......DO@#.......
D.....###........
..##..##(#........
...
..ยง.#.#.W+........
... ....#
##$#.##...#. ...
....######.###.##
#...........# .#
#........# # ##
##..#).#..#


You could see a two-headed ogre and a steam dragon.

Vanquished Creatures
  Grinder (D:5)
  2 hippogriffs (D:7)
  Edmund (D:5)
  A water moccasin (D:5)
  3 orc warriors
  An ice beast (D:5)
  A sky beast (D:8)
  2 ogres
  A centaur (D:6)
  A big kobold (D:7)
  3 bullfrogs
  A wyvern zombie (D:6)
  A wyvern skeleton (D:7)
  2 killer bees (D:7)
  3 wights (D:8)
  A jelly (D:6)
  Crazy Yiuf (D:2)
  3 hounds
  A bullfrog skeleton (D:5)
  A gnoll shaman (D:5)
  8 orc priests
  An iguana (D:5)
  5 orc wizards
  3 worker ants
  2 hound skeletons (D:4)
  A worker ant zombie (D:5)
  8 gnolls (D:5)
  A howler monkey skeleton (D:8)
  10 adders
  2 shadow imps
  An ooze (D:1)
  5 worms
  2 dart slugs
  6 leopard geckos
  51 orcs
  4 ball pythons
  10 giant cockroaches
  5 goblins
  6 hobgoblins
  11 jackals
  4 quokkas
  7 bats
  10 frilled lizards
  A jackal skeleton (D:5)
  2 jackal zombies
  10 kobolds
  A leopard gecko skeleton (D:6)
  2 quokka skeletons (D:4)
  9 rats
219 creatures vanquished.

Vanquished Creatures (others)
  2 killer bees (D:7)
2 creatures vanquished.

Grand Total: 221 creatures vanquished

Notes
Turn   | Place    | Note
-------+----------+-------------------------------------------
     0 | D:1      | TheOrbIsALie the Demonspawn Wizard began the quest for the Orb.
     0 | D:1      | Reached XP level 1. HP: 13/13 MP: 4/4
   135 | D:1      | Reached skill level 2 in Conjurations
   146 | D:1      | Gained mutation: You have sharp toenails. [demonic ancestry]
   146 | D:1      | Reached XP level 2. HP: 12/19 MP: 1/6
   833 | D:2      | Reached skill level 3 in Conjurations
   901 | D:2      | Gained mutation: You are partially covered in sharp spines. [demonic ancestry]
   901 | D:2      | Reached XP level 3. HP: 24/24 MP: 1/7
  1084 | D:2      | Found a burning altar of Makhleb.
  1086 | D:2      | Found an ornate altar of the Wu Jian Council.
  1289 | D:2      | Learned a level 3 spell: Conjure Flame
  1293 | D:2      | Learned a level 3 spell: Mephitic Cloud
  1300 | D:2      | Found a runed door.
  1426 | D:2      | Found an opulent altar of Gozag.
  1846 | D:2      | Noticed Crazy Yiuf
  1855 | D:2      | Killed Crazy Yiuf
  1855 | D:2      | Reached skill level 4 in Conjurations
  1855 | D:2      | Gained mutation: You are partially covered in slimy green scales. (AC +2) [demonic ancestry]
  1855 | D:2      | Reached XP level 4. HP: 30/30 MP: 4/8
  2338 | D:3      | Reached XP level 5. HP: 34/35 MP: 1/9
  2341 | D:3      | Reached skill level 5 in Conjurations
  2856 | D:4      | Found a shattered altar of Ashenzari.
  3085 | D:4      | Reached skill level 6 in Conjurations
  3085 | D:4      | Reached XP level 6. HP: 22/41 MP: 3/10
  3977 | D:5      | Entered Level 5 of the Dungeon
  4039 | D:5      | Reached skill level 7 in Conjurations
  4055 | D:5      | Found a sparkling altar of Nemelex Xobeh.
  4167 | D:5      | Found a staircase to the Ecumenical Temple.
  4177 | Temple   | Entered the Ecumenical Temple
  4200 | Temple   | Became a worshipper of Sif Muna the Loreminder
  4296 | D:5      | Reached XP level 7. HP: 35/46 MP: 1/11
  4429 | D:5      | Found a shadowy altar of Dithmenos.
  4650 | D:5      | Found Fyclo's Weapon Emporium.
  4764 | D:5      | Noticed Edmund
  4798 | D:5      | Killed Edmund
  4798 | D:5      | Reached skill level 8 in Conjurations
  4806 | D:5      | Reached * piety under Sif Muna
  5052 | D:5      | Noticed Grinder
  5070 | D:5      | Paralysed by Grinder for 6 turns
  5078 | D:5      | Killed Grinder
  5078 | D:5      | Reached skill level 9 in Conjurations
  5078 | D:5      | Gained mutation: You are mostly covered in slimy green scales. (AC +3) [demonic ancestry]
  5078 | D:5      | Reached XP level 8. HP: 7/52 MP: 0/12
  5362 | D:5      | Reached skill level 10 in Conjurations
  5556 | D:6      | Reached ** piety under Sif Muna
  5580 | D:6      | Found a glowing drain.
  5584 | Sewer    | Entered a sewer
  5938 | D:6      | Reached skill level 11 in Conjurations
  6145 | D:6      | Reached skill level 1 in Fire Magic
  6502 | D:7      | Noticed a hippogriff
  6537 | D:7      | Killed a hippogriff
  6537 | D:7      | Gained mutation: You are slightly more attuned to the shadows. [demonic ancestry]
  6537 | D:7      | Reached XP level 9. HP: 49/57 MP: 0/13
  6896 | D:7      | Reached *** piety under Sif Muna
  7089 | D:7      | Reached skill level 5 in Fire Magic
  7827 | D:8      | Found a runed door.
  7828 | D:8      | Found a shimmering altar of Xom.
  7828 | D:8      | Noticed dforspid's ghost (novice DrVM)
  7831 | D:8      | Noticed a long sword of chaos
  7847 | D:8      | Noticed a two-headed ogre
  7854 | D:8      | Mangled by a two-headed ogre

Vault maps used:
D:1:      dpeg_arrival_subterranean_lakeside_camping
D:2:      grunt_gozag_breadcrumbs, minitemple, first_ration,
          uniq_crazy_yiuf_cottage
D:4:      overflow_temple_1_default
D:5:      nicolae_dithmenos_shadow_blocks, temple_green, serial_glass,
          glass_columns_c, glass_columns_a, basic_altar, serial_shops,
          kennysheep_little_box, grunt_tough_drop, uniq_grinder, uniq_edmund
D:6:      gup_sewer_entry_bowl
D:8:      kennysheep_mini_moat, serial_shops,
          nicolae_shop_temple_entry_statues_fountains, ebering_ghost_xom,
          special_room, doesnt_xom_only_xom
Temple:   nicolae_temple_elliptical
Sewer:    sewer_frog_island_01

Skill      XL: |  1  2  3  4  5  6  7  8  9 |
---------------+----------------------------+-----
Conjurations   | 2 3 4 6 7 9 11 | 11.1
Fire Magic     | 3 6 |  6.8
Dodging        | |  1.7
Stealth        | |  1.7
Spellcasting   | |  3.0
Summonings     | |  1.0
Translocations | |  0.8

Action                   |  1- 3 |  4- 6 |  7- 9 || total
-------------------------+-------+-------+-------++-------
Melee: Dagger            |    59 |    57 |       ||   116
       Kick              |    10 |    24 |    28 ||    62
       Flail             |       |    56 |   146 ||   202
 Cast: Magic Dart        |    46 |    82 |   175 ||   303
       Mephitic Cloud    |     1 |     1 |    11 ||    13
       Conjure Flame     |       |       |    11 ||    11
  Use: Potion            |       |       |     1 ||     1
 Stab: Sleeping          |     1 |     2 |       ||     3
       Confused          |     1 |       |     5 ||     6
       Distracted        |       |       |     1 ||     1
  Eat: Chunk             |     2 |     9 |     9 ||    20
       Ration            |       |       |     1 ||     1
Armor: Robe              |    13 |    35 |    56 ||   104
Dodge: Dodged            |    32 |    52 |    92 ||   176

Table legend:
 A = Spawn XP
 B = Non-spawn XP
 C = Spawn XP percentage of total XP
 D = Spawn monster count
 E = Non-spawn monster count
 F = Spawn count percentage of total count
 G = Total turns spent on level
                    A         B        C        D         E        F      G
               +---------+---------+-------+---------+---------+-------+---------
         Total |       0 |    4505 |   0.0 |       0 |     221 |   0.0 |  7854
               +---------+---------+-------+---------+---------+-------+---------
           D:1 |       0 |      36 |   0.0 |       0 |      22 |   0.0 |   802
           D:2 |       0 |      87 |   0.0 |       0 |      18 |   0.0 |  1139
           D:3 |       0 |     152 |   0.0 |       0 |      31 |   0.0 |   872
           D:4 |       0 |     279 |   0.0 |       0 |      29 |   0.0 |  1164
           D:5 |       0 |    1230 |   0.0 |       0 |      33 |   0.0 |  1356
           D:6 |       0 |     846 |   0.0 |       0 |      25 |   0.0 |   833
           D:7 |       0 |     935 |   0.0 |       0 |      22 |   0.0 |   873
           D:8 |       0 |     797 |   0.0 |       0 |      25 |   0.0 |   490
         Sewer |       0 |     143 |   0.0 |       0 |      16 |   0.0 |   279
               +---------+---------+-------+---------+---------+-------+---------
